 Dungeon Crawl Stone Soup version 0.29.1-1-gd02db6906a (webtiles) character file.

Game seed: 5184337416356527940

287 GigaChad the Covered (level 6, -5/48 (53) HPs)
             Began as a Minotaur Fighter on Oct 4, 2022.
             Was an Initiate of Ashenzari.
             Slain by a wight
             ... wielding a +0 great sword
              (11 damage)
             ... on level 4 of the Dungeon.
             The game lasted 00:06:03 (2577 turns).

GigaChad the Covered (Minotaur Fighter)             Turns: 2577, Time: 00:06:03

HP:   -5/48 (53)    AC:  9    Str: 22    XL:     6   Next: 8%
MP:   5/5           EV:  7    Int:  5    God:    Ashenzari [......]
Gold: 103           SH:  4    Dex: 10    Spells: 5/5 levels left

rFire   . . .      SeeInvis .   a - +0 long sword
rCold   . . .      Faith    .   c - +0 buckler
rNeg    . . .      Spirit   .   k - +0 chain mail
rPois   .          Reflect  .   (helmet restricted)
rElec   .          Harm     .   (no cloak)
rCorr   .          Rampage  .   (no gloves)
Will    .....                   (no boots)
Stlth   ..........              (no amulet)
HPRegen 0.16/turn               (no ring)
MPRegen 0.09/turn               (no ring)

@: drained
A: horns 2, retaliatory headbutt
a: Renounce Religion


You were on level 4 of the Dungeon.
You worshipped Ashenzari.
Ashenzari was noncommittal.
You visited 2 branches of the dungeon, and saw 5 of its levels.

You collected 103 gold pieces.

Inventory:

Hand Weapons
 a - a +0 long sword (weapon)
 w - a +0 whip of holy wrath
 x - a +0 glaive
Armour
 b - a +0 scale mail
 c - a +0 buckler (worn)
 f - an orb of wrath
 k - a +0 chain mail (worn)
Jewellery
 g - a ring of ice
 p - a ring of protection from fire
Wands
 v - a wand of paralysis (11)
Scrolls
 l - 3 scrolls of teleportation
 m - 3 scrolls of identify {unknown}
 n - 2 scrolls of immolation {unknown}
 t - a scroll of enchant weapon {unknown}
Potions
 d - a potion of might
 e - 2 potions of heal wounds {unknown}
 h - a potion of mutation {unknown}
 i - a potion of berserk rage {unknown}
 j - a potion of degeneration {unknown}
 o - a potion of flight {unknown}
 q - a potion of curing {unknown}
 r - a potion of brilliance {unknown}
 s - a potion of attraction {unknown}
 u - 2 potions of haste {unknown}


   Skills:
 + Level 4.6 Fighting
 + Level 5.2 Long Blades
 + Level 5.2 Armour
 + Level 0.9 Dodging
 + Level 0.2 Stealth
 + Level 4.3 Shields


You had 5 spell levels left.
You didn't know any spells.
Your spell library contained the following spells:

 Spells                   Type           Power      Damage    Failure   Level
 Necrotise                Necr           0%         1d4       99%         1
 Ozocubu's Armour         Ice            0%         N/A       100%        3
 Vampiric Draining        Necr           0%         2d6       100%        3
 Agony                    Necr           0%         N/A       100%        5
 Fireball                 Conj/Fire      0%         3d3       100%        5
 Metabolic Englaciation   Hex/Ice        0%         N/A       100%        5
 Simulacrum               Ice/Necr       0%         N/A       100%        6
 Starburst                Conj/Fire      0%         6d3       100%        6
 Ignition                 Fire           0%         3d3       100%        8


Dungeon Overview and Level Annotations

Branches:
Dungeon (4/15)             Temple (1/1) D:4

Altars:
Ashenzari
Cheibriados
Okawaru
Vehumet
Wu Jian
Xom
Yredelemnul
Zin
The Shining One


Innate Abilities, Weirdness & Mutations

You have a pair of horns on your head.
You reflexively headbutt those who attack you in melee.


Message History

You feel drained.
You hit the wight. You headbutt the wight!
The wight is almost destroyed.
The wight hits you with a +2 dagger.
You feel drained. The wight hits you with a +0 war axe.
You hit the wight.
You destroy the wight!
The wight hits you but does no damage. You block the wight's attack.
Your life force feels restored.
You have reached level 6!
You block the wight's attack.
You hit the wight but do no damage. The wight hits you with a +2 dagger.
You feel drained.
You hit the wight but do no damage. The wight hits you with a +2 dagger.
You feel drained.
You hit the wight. Your headbutt misses the wight.
The wight is lightly damaged.
The wight hits you with a +2 dagger!
You feel drained.
You hit the wight.
You headbutt the wight, but do no damage.
The wight is moderately damaged.
The wight hits you with a +2 dagger!
* * * LOW HITPOINT WARNING * * *
You feel drained.
* * * LOW HITPOINT WARNING * * *
You hit the wight but do no damage.
The wight is moderately damaged.
The wight hits you but does no damage.
You hit the wight.
The wight is moderately damaged.
You block the wight's attack.
You closely miss the wight. Your headbutt misses the wight. You hit the wight.
Your headbutt misses the wight.
The wight is moderately damaged.
The wight barely misses you. The wight barely misses you.
You furiously retaliate!
You headbutt the wight! The wight hits you with a +2 dagger.
* * * LOW HITPOINT WARNING * * *
The wight hits you with a +0 great sword!
You die...

.....≈.≈#..###.)>##
########## '###.≈.≈#..#
#....###........##
...#.≈.≈#..#
#....##..#...##..###
...#.#.#..##
#.........#.#..#....
+##+.#....#
#......#..#....#.##.
#####.##
#..#....##....#..##. ..#
#.).##.....>.....#..
....##z.##..#....##..#..
#....z@##.#....#..#....
#......z##.#..#.#.!.....
#.......##..##...#....>.
#......z.##. ......###..
#.........##.##..### ##.
#.........# #. ....# #.
#.........# ......# ##
.........# ..... #. ...


You could see 4 wights.

Vanquished Creatures
  A necrophage (D:4)
  A wight (D:4)
  A hound (D:4)
  Terence (D:2)
  An orc wizard (D:2)
  2 adders
  5 dart slugs
  3 orcs
  6 bats
  4 endoplasms
  6 giant cockroaches
  4 goblins
  7 hobgoblins
  6 jackals
  8 ball pythons
  6 frilled lizards
  5 kobolds
  3 rats
70 creatures vanquished.

Notes
Turn   | Place    | Note
-------+----------+-------------------------------------------
     0 | D:1      | GigaChad the Minotaur Fighter began the quest for the Orb.
     0 | D:1      | Reached XP level 1. HP: 19/19 MP: 0/0
   173 | D:1      | Reached XP level 2. HP: 26/27 MP: 1/1
   814 | D:2      | Reached XP level 3. HP: 30/33 MP: 2/2
   969 | D:2      | Noticed Terence
   982 | D:2      | Killed Terence
  1088 | D:2      | Found a faded altar of an unknown god.
  1232 | D:2      | Reached XP level 4. HP: 41/41 MP: 3/3
  2123 | D:4      | Noticed a necrophage
  2135 | D:4      | Killed a necrophage
  2136 | D:4      | Reached XP level 5. HP: 47/47 MP: 4/4
  2176 | D:4      | Found a staircase to the Ecumenical Temple.
  2186 | Temple   | Entered the Ecumenical Temple
  2301 | Temple   | Became a worshipper of Ashenzari the Shackled
  2493 | D:4      | Reached skill level 5 in Long Blades
  2493 | D:4      | Reached skill level 5 in Armour
  2568 | D:4      | Reached XP level 6. HP: 36/53 MP: 5/5
  2577 | D:4      | Slain by a wight

Illustrated notes

Levels and vault maps discovered:
D:1:      dpeg_arrival_morbid_curiosity, layout_basic, fountainhead
D:2:      layout_basic, hellmonk_ecumenical_altar_run_dry, uniq_terence
D:3:      layout_loops_cross, marbit_many_paths
D:4:      layout_cave_pods, mainiacjoe_overflow_24_doors,
          minmay_temple_entry_mini_moons, gammafunk_ghost_icy,
          chequers_serial_rivers_micro_d, minmay_ruptured, uniq_robin,
          uniq_sigmund, uniq_blork_the_orc
Temple:   nicolae_temple_figure_zero

Skill      XL: |  1  2  3  4  5 |
---------------+----------------+-----
Fighting       | 4 |  4.6
Armour         | 4 5 |  5.2
Shields        | 4 |  4.3
Long Blades    | 3 4 5 |  5.2
Dodging        | |  0.9
Stealth        | |  0.2

Action                   |  1- 3 |  4- 6 || total
-------------------------+-------+-------++-------
Melee: Long sword        |    64 |    77 ||   141
       Headbutt          |     4 |    13 ||    17
  Use: Scroll            |     2 |       ||     2
Armor: Scale mail        |    43 |       ||    43
       Chain mail        |    30 |    89 ||   119
Dodge: Dodged            |    45 |    67 ||   112
Block: Buckler           |     1 |    10 ||    11
